 Dungeon Crawl Stone Soup version 0.27-a0-1149-g4505690ab0 (webtiles) character file.

Game seed: 18111303477684151300

2898 freelancePsychic the Cruncher (level 9, 0/75 HPs)
             Began as a Ghoul Delver on May 12, 2021.
             Was an Initiate of Kikubaaqudgha.
             Slain by a water moccasin (1 damage)
             ... on level 8 of the Dungeon.
             The game lasted 00:23:20 (10883 turns).

freelancePsychic the Cruncher (Ghoul Delver)       Turns: 10883, Time: 00:23:21

Health: 0/75       AC: 11    Str: 18    XL:     9   Next: 77%
Magic:  8/8        EV:  7    Int:  6    God:    Kikubaaqudgha [......]
Gold:   396        SH:  0    Dex: 10    Spells: 8/8 levels left

rFire    . . .     SeeInvis .   b - +3 lajatang (pain)
rCold    + . .     Faith    .   (shield currently unavailable)
rNeg     + + +     Spirit   .   u - +0 chain mail
rPois    ∞         Reflect  .   o - +0 helmet
rElec    .         Harm     .   (no cloak)
rCorr    .         Rampage  .   e - +1 pair of gloves
Will     .....                  (no boots)
Stlth    ..........             (no amulet)
HPRegen  0.00/turn              k - ring of wizardry
MPRegen  0.11/turn              (no ring)

@: studying Axes, invisible
A: claws 1, cold resistance 1, negative energy resistance 3, inhibited
regeneration, torment resistance 2
a: Renounce Religion


You were on level 8 of the Dungeon.
You worshipped Kikubaaqudgha.
Kikubaaqudgha was noncommittal.
You visited 1 branch of the dungeon, and saw 8 of its levels.

You collected 396 gold pieces.

Inventory:

Hand Weapons
 a - a +1 hand axe of flaming
 b - a +3 lajatang of pain (weapon)
Missiles
 f - 18 poisoned darts (quivered)
 m - a throwing net
Armour
 e - a +1 pair of gloves (worn)
 o - a +0 helmet (worn)
 u - a +0 chain mail (worn)
 y - a +0 leather armour
 C - +0 steam dragon scales
Jewellery
 i - an amulet of magic regeneration
 k - a ring of wizardry (left hand)
 A - a ring of protection from fire
Wands
 g - a wand of digging (3)
 h - a wand of charming (2)
 z - a wand of iceblast (17)
Scrolls
 c - 3 scrolls of fog
 d - a scroll of magic mapping
 p - 2 scrolls of noise
 s - a scroll of brand weapon
 t - 2 scrolls of amnesia
 w - 3 scrolls of enchant armour {unknown}
Potions
 j - a potion of degeneration {unknown}
 l - 2 potions of mutation
 n - a potion of invisibility
 q - a potion of heal wounds {unknown}
 r - a potion of haste {@q3}
 v - 3 potions of brilliance
 x - a potion of magic {unknown}


   Skills:
 - Level 5.7 Fighting
 - Level 5.7 Axes
 * Level 8.1 Staves
 - Level 1.7 Dodging
 - Level 5.4 Stealth
 + Level 6.1 Necromancy


You had 8 spell levels left.
You didn't know any spells.
Your spell library contained the following spells:

 Spells                   Type           Power      Damage    Failure   Level
 Magic Dart               Conj           0%         1d3       95%         1
 Summon Small Mammal      Summ           0%         N/A       95%         1
 Call Imp                 Summ           0%         N/A       99%         2
 Searing Ray              Conj           0%         3d3       99%         2
 Call Canine Familiar     Summ           0%         N/A       100%        3
 Dazzling Flash           Conj/Hex       0%         N/A       100%        3
 Summon Guardian Golem    Hex/Summ       0%         N/A       100%        3
 Fulminant Prism          Conj/Hex       0%         3d6       100%        4
 Iskenderun's Mystic Bla  Conj/Tloc      0%         2d3       100%        4
 Summon Ice Beast         Ice/Summ       0%         N/A       100%        4
 Summon Lightning Spire   Summ/Air       0%         N/A       100%        4


Dungeon Overview and Level Annotations

Branches:
Dungeon (8/15)             Temple (0/1) D:7
   Lair: D:8-11

Altars:
Cheibriados
Elyvilon
Kikubaaqudgha
Uskayaw
Xom

Shops:
D:3 :

Annotations:
D:3 2 runed translucent doors, Dordric's ghost, amateur KoHu
D:6 exclusion: upstairs


Innate Abilities, Weirdness & Mutations

You thrive by killing the living.
You are immune to poison.
You have sharp fingernails.
Your flesh is cold resistant. (rC+)
You are immune to negative energy. (rN+++)
You do not regenerate when monsters are visible.
You are immune to unholy pain and torment.


Message History

You hit the orc warrior but do no damage.
The orc warrior writhes in agony.
The orc warrior is severely wounded.
The orc closely misses you.
The orc warrior hits you with a +0 broad axe.
The orc hits you but does no damage.
You closely miss the orc warrior.
The orc warrior is severely wounded.
The orc hits you with a +0 short sword.
The orc warrior hits you with a +0 broad axe.
The orc hits you with a +0 short sword.
The orc priest begins to cast a cantrip, but forgets the words!
The orc closely misses you. The orc barely misses you.
The orc priest invokes the aid of Beogh against you.
Beogh smites you!
You closely miss the orc warrior.
The orc warrior is severely wounded.
The orc warrior hits you with a +0 broad axe!
* * * LOW HITPOINT WARNING * * *
Found 9 bolts.
Found 23 stones.
You see here 9 bolts.
You open the door.
The orc warrior hits you with a +0 broad axe!
* * * LOW HITPOINT WARNING * * *
Found a scroll of identify.
Found a stone staircase leading up.
A water moccasin comes into view.
The water moccasin hisses angrily.
There is an open door here.
Found a translucent chain mail.
The water moccasin bites you.
* * * LOW HITPOINT WARNING * * *
The water moccasin bites you but does no damage.
The water moccasin bites you but does no damage.
It was a potion of invisibility.
You fade into invisibility!
The water moccasin bites you.
You die...
Kikubaaqudgha rasps: "You have failed me!
Welcome... oblivion!"

#.# #.# ..... #.#
..#. #.# ##[..##
#.#### ##.....##
#.##.## ##.......##
#.#...####.<.......#
#...)....+....?....+
#.#...####..@......#
#.##<## ##.oS....##
####.##### ##.....##
#........#### ##.o.##
#.##.###....# ##o##
#.##.o....#.# #.#
#........o..# #o#
##########o######.###
#.##.o.....#


You could see an orc warrior, a water moccasin, an orc priest and 2 orcs.

Vanquished Creatures
  Pikel (D:4)
  A steam dragon (D:7)
  2 water moccasins (D:7)
  A hornet zombie (D:7)
  2 black bears
  An ice beast (D:5)
  2 sky beasts
  3 ogres
  A centaur (D:7)
  A necrophage (D:4)
  A lemure (D:3)
  A phantom (D:7)
  A kobold brigand (D:5)
  A scorpion (D:7)
  A wyvern zombie (D:7)
  A water moccasin skeleton (D:4)
  A howler monkey (D:6)
  A bullfrog zombie (D:5)
  A centaur zombie (D:7)
  3 jellies
  3 hounds
  2 orc priests
  A bullfrog skeleton (D:7)
  5 orc wizards
  2 iguanas
  2 killer bee zombies (D:7)
  Robin (D:3)
  A howler monkey skeleton (D:5)
  8 adders
  A white imp (D:5)
  An ufetubus (D:5)
  An adder skeleton (D:4)
  A worm (D:7)
  4 dart slugs
  18 orcs
  8 ball pythons
  7 bats
  10 endoplasms
  16 goblins
  4 hobgoblins
  14 jackals
  10 kobolds
  2 quokkas
  4 frilled lizards
  5 rats
158 creatures vanquished.

Vanquished Creatures (collateral kills)
  An orc (D:4)
1 creature vanquished.

Vanquished Creatures (others)
  An orc warrior (D:4)
  A howler monkey (D:5)
  An orc wizard (D:6)
  An ufetubus (D:7)
  2 plants (D:7)
6 creatures vanquished.

Grand Total: 165 creatures vanquished

Notes
Turn   | Place    | Note
-------+----------+-------------------------------------------
     0 | D:5      | freelancePsychic the Ghoul Delver began the quest for the
                  | Orb.
     0 | D:5      | Reached XP level 1. HP: 19/19 MP: 0/0
    73 | D:5      | Noticed an ogre
   107 | D:4      | Noticed a necrophage
   307 | D:4      | Reached XP level 2. HP: 19/26 MP: 1/1
   471 | D:4      | Reached XP level 3. HP: 12/33 MP: 2/2
   705 | D:3      | Found a large runed translucent door.
   706 | D:3      | Found a large runed translucent door.
   708 | D:3      | Noticed Dordric's ghost (amateur KoHu)
   825 | D:3      | Found Neg Lib's Book Boutique.
   914 | D:3      | Noticed Robin
   927 | D:3      | Killed Robin
   928 | D:3      | Reached XP level 4. HP: 21/40 MP: 3/3
  2627 | D:1      | Reached XP level 5. HP: 47/47 MP: 4/4
  2678 | D:1      | Found a faded altar of an unknown god.
  3707 | D:4      | Reached XP level 6. HP: 40/55 MP: 5/5
  3842 | D:4      | Killed a necrophage
  3843 | D:4      | Reached skill level 5 in Fighting
  3843 | D:4      | Reached skill level 5 in Axes
  4199 | D:5      | Found an ancient bone altar of Kikubaaqudgha.
  4227 | D:5      | Became a worshipper of Kikubaaqudgha
  4684 | D:5      | Noticed a black bear
  4698 | D:5      | Killed a black bear
  4699 | D:5      | Reached XP level 7. HP: 27/61 MP: 6/6
  5120 | D:5      | Noticed a two-headed ogre
  5293 | D:5      | Reached skill level 1 in Staves
  5351 | D:5      | Reached skill level 1 in Necromancy
  5740 | D:5      | Reached skill level 2 in Staves
  5794 | D:5      | Identified the +0 ring mail "Zuriogin" {rElec Will+ Slay-6}
  6251 | D:5      | Reached skill level 3 in Staves
  6251 | D:5      | Reached XP level 8. HP: 60/70 MP: 7/7
  6404 | D:4      | Noticed Pikel
  6963 | D:4      | Killed Pikel
  6964 | D:4      | Reached skill level 5 in Staves
  7535 | D:6      | Reached XP level 9. HP: 73/75 MP: 8/8
  7536 | D:6      | Reached skill level 6 in Staves
  7772 | D:6      | Found a hide-covered altar of Uskayaw.
  7931 | D:6      | Reached skill level 5 in Necromancy
  8794 | D:7      | Reached skill level 7 in Staves
  8972 | D:7      | Found a staircase to the Ecumenical Temple.
  8998 | D:7      | Noticed a two-headed ogre
  9991 | D:7      | Found a snail-covered altar of Cheibriados.
 10060 | D:7      | Found a shimmering altar of Xom.
 10141 | D:7      | Reached skill level 8 in Staves
 10877 | D:8      | HP: 3/75 [orc warrior/+0 broad axe (12)]
 10881 | D:8      | HP: 1/75 [water moccasin (2)]
 10883 | D:8      | Slain by a water moccasin

Illustrated notes

Levels and vault maps discovered:
D:1:      onia_arrival_mini_maze, layout_basic,
          shapermc_ecumenical_altar_mp_highgroup, minmay_split_cup_small
D:2:      layout_basic, basic_altar
D:3:      layout_basic, ebering_ghost_disaster_area, serial_shops,
          nicolae_shop_waterfront, nrook_uturn, uniq_robin
D:4:      layout_cave_pools, serial_rivers, chequers_serial_rivers_room_a,
          chequers_serial_rivers_large_b, chequers_serial_rivers_room_b,
          chequers_serial_rivers_small_a, minmay_misc_feat_secret_circle,
          eino_tiny_chamber, guppyfry_early_orc_mine, uniq_pikel
D:5:      minmay_clustersquares, layout_basic, overflow_temple_1_default
D:6:      layout_basic, nicolae_overflow_crystal_walls,
          minmay_a_box_with_orc_wizards_in_it
D:7:      layout_basic, nicolae_overflow_hidden_temple, chei_slow_surprise,
          marbit_many_paths, minmay_temple_entry_overgrown, minmay_manual_mail
D:8:      layout_loops_corners

Skill      XL: |  1  2  3  4  5  6  7  8  9 |
---------------+----------------------------+-----
Axes           | 2 3 4 5 |  5.7
Fighting       | 4 5 |  5.7
Staves         | 3 5 8 |  8.1
Necromancy     | 2 4 6 |  6.1
Dodging        | |  1.7
Stealth        | |  5.4

Action                   |  1- 3 |  4- 6 |  7- 9 || total
-------------------------+-------+-------+-------++-------
Melee: Hand axe          |    90 |   226 |    67 ||   383
       Lajatang          |       |       |   191 ||   191
Throw: Dart              |       |       |     7 ||     7
Evoke: Wand              |       |     1 |     4 ||     5
  Use: Scroll            |     1 |     5 |     6 ||    12
       Potion            |       |       |     4 ||     4
 Stab: Sleeping          |     2 |     7 |       ||     9
Armor: Leather armour    |    15 |    13 |       ||    28
       Chain mail        |       |   122 |   156 ||   278
Dodge: Dodged            |    73 |   126 |    85 ||   284

Table legend: (Time is in decaauts)
 A = Elapsed time spent in this place.
 B = Non-inter-level travel time spent in this place.
 C = Inter-level travel time spent in this place.
 D = Time resting spent in this place.
 E = Time spent auto-exploring this place.
 F = Levels seen in this place.
 G = Mean time per level.
                   A        B        C        D        E       F      G
               +--------+--------+--------+--------+--------+-----+--------+
         Total |  10977 |  10537 |    440 |   2540 |   6240 |   8 | 1372.1 |
       Dungeon |  10977 |  10537 |    440 |   2540 |   6240 |   8 | 1372.1 |
               +--------+--------+--------+--------+--------+-----+--------+

Top non-repeatable levels by time:
     D:4: 2315 daAuts
     D:7: 2005 daAuts
     D:5: 1989 daAuts
     D:6: 1323 daAuts
     D:3: 1275 daAuts
     D:2: 1074 daAuts
     D:1: 936 daAuts
     D:8: 57 daAuts
